[ AOE2 MATCH · #459488666 ]
Team RMVietnamese vs Sicilians
[ REPLAY ANALYSIS · EXTRACTED FROM THE RECORDED GAME ]
Feudal
—
Castle
—
Imperial
—
| APM avg | 26.6 |
| APM peak | 12 |
| eAPM avg | 24.4 |
| Villagers / military | 5 / 0 |
Focus
⚔️ 0.0% · 🌾 100.0%
Feudal
—
Castle
—
Imperial
—
| APM avg | 4.4 |
| APM peak | 2 |
| eAPM avg | 4.4 |
| Villagers / military | 0 / 0 |
Feudal
—
Castle
—
Imperial
—
| APM avg | 6.7 |
| APM peak | 3 |
| eAPM avg | 6.7 |
| Villagers / military | 0 / 0 |
Feudal
—
Castle
—
Imperial
—
| APM avg | 73.2 |
| APM peak | 33 |
| eAPM avg | 20.0 |
| Villagers / military | 5 / 0 |
Focus
⚔️ 0.0% · 🌾 100.0%
Feudal
—
Castle
—
Imperial
—
| APM avg | 33.3 |
| APM peak | 15 |
| eAPM avg | 28.8 |
| Villagers / military | 0 / 0 |
Focus
⚔️ 0.0% · 🌾 100.0%
Feudal
—
Castle
—
Imperial
—
| APM avg | 20.0 |
| APM peak | 9 |
| eAPM avg | 20.0 |
| Villagers / military | 0 / 0 |
Match map
Resources at game start + every placement click. Thick line = wall · dashed box = detected house wall. 🟡 gold · ⚪ stone · 🟢 berries · 🔶 boar · ⭕ relic
Inputs per minute
— zafira22 - - nahumz
Build order — zafira22
8 actions detected in the replay
| 0:19 | Build | House |
| 0:20 | Build | House |
| 0:21 | Build | House |
| 0:25 | Create | Villager (Male) |
| 0:26 | Create | Villager (Male) |
| 0:26 | Create | Villager (Male) |
| 0:26 | Create | Villager (Male) |
| 0:26 | Create | Villager (Male) |
Build order — nahumz
0 actions detected in the replay
Build order — linocampos
0 actions detected in the replay
Build order — Poffe
7 actions detected in the replay
| 0:02 | Create | Villager (Male) |
| 0:02 | Create | Villager (Male) |
| 0:03 | Create | Villager (Male) |
| 0:03 | Create | Villager (Male) |
| 0:03 | Create | Villager (Male) |
| 0:04 | Build | House |
| 0:07 | Build | House |
Build order — Hans Yolo
0 actions detected in the replay
Build order — Bichentoo
0 actions detected in the replay
Match timeline
| 0:01 | Bichentoo · resign |
| 0:17 | Hans Yolo · tribute_sent a jugador 1 |
| 0:17 | Hans Yolo · tribute_sent a jugador 2 |
| 0:17 | Hans Yolo · tribute_sent a jugador 3 |
| 0:17 | Hans Yolo · tribute_sent a jugador 5 |
| 0:17 | Hans Yolo · tribute_sent a jugador 6 |
| 0:23 | Hans Yolo · tribute_sent a jugador 1 |
| 0:23 | Hans Yolo · tribute_sent a jugador 2 |
| 0:23 | Hans Yolo · tribute_sent a jugador 3 |
| 0:23 | Hans Yolo · tribute_sent a jugador 5 |
| 0:23 | Hans Yolo · tribute_sent a jugador 6 |
[ AI ANALYSIS · 1 CREDIT ]
What really happened in this match?
Wolo.gg analyzes every decision: build order, eco, micro, common mistakes by bracket. Personalized analysis on WhatsApp or Discord in 30 seconds.
Civ guide
Vietnamese
Map guide
Arabia
Perfil
zafira22